cohdb
Replays
Latest Replays
All Replays
Popular Replays
Top Player Replays
Match Explorer
How It Works
Community
CoH3 Stats
Reddit
Sign in to upload your games and track your stats! →
Sign in with Steam
Match 42977943
Unlisted
Match 42977943
Overview
Messages
Build Orders
End
Construct Infanterie Kompanie
Selects Mechanized Battlegroup
Kettenkrad Recon Vehicle
Grenadier Squad
Grenadier Squad
Construct Luftwaffe Kompanie
Selects Raid Package
221 Scout Car
Jäger Squad
Support Elements
Selects Mobile Repair Stations
221 Scout Car
Wirbelwind Flakpanzer
Jäger Squad
Marder III M Tank Destroyer
221 Scout Car
Selects Stoßtruppen Assault Package
Selects Zeroing Artillery Barrage
Marder III M Tank Destroyer
Zeroing Artillery Barrage
Medical Station
Marder III M Tank Destroyer
Zeroing Artillery Barrage
michalcewicz85
DCL_USDC
Consumption
Prop
Annatar_BR
ßoo
thecrazymadbull
Tuang
0
0
Comments
sign in to comment!
No comments posted yet!